 Dungeon Crawl Stone Soup version 0.21-a0-140-g479285b (webtiles) character file.

5 Manul the Ducker (level 1, -3/11 HPs)
             Began as a Spriggan Abyssal Knight on July 21, 2017.
             Was an Initiate of Lugonu.
             Slain by an ooze (5 damage)
             ... on level 1 of the Dungeon.
             The game lasted 00:02:02 (463 turns).

Manul the Ducker (Spriggan Abyssal Knight)           Turns: 463, Time: 00:02:02

Health: -3/11      AC:  3    Str:  8    XL:     1   Next: 66%
Magic:  3/3        EV: 19    Int: 13    God:    Lugonu [......]
Gold:   50         SH:  0    Dex: 15    Spells: 0/0 levels left

rFire    . . .     SeeInvis +   a - +1 short sword
rCold    . . .     Gourm    .   (shield restricted)
rNeg     . . .     Faith    .   b - +1 robe
rPois    .         Spirit   .   (helmet restricted)
rElec    .         Reflect  .   (no cloak)
rCorr    .         Harm     .   (gloves unavailable)
MR       .....                  (boots unavailable)
Stlth    +.........             (no amulet)
HPRegen  0.03/turn              (no ring)
MPRegen  0.08/turn              (no ring)

@: very quick
A: unfitting armour, see invisible, herbivore 3, speed 3, slow metabolism 2
a: Renounce Religion


You were on level 1 of the Dungeon.
You worshipped Lugonu.
Lugonu was noncommittal.
You were not hungry.

You visited 1 branch of the dungeon, and saw 1 of its levels.
You visited the Abyss 1 time.

You collected 50 gold pieces.

Inventory:

Hand Weapons
 a - a +1 short sword (weapon)
Armour
 b - a +1 robe (worn)
Scrolls
 e - a scroll of immolation {unknown}
Potions
 d - a potion of might {unknown}
Comestibles
 c - a bread ration


   Skills:
 + Level 2.6 Fighting
 + Level 2.3 Short Blades
 + Level 3.7 Dodging
 + Level 1.7 Invocations


You couldn't memorise any spells.
You didn't know any spells.

Dungeon Overview and Level Annotations

Branches:
Dungeon (1/15)

Altars:


Innate Abilities, Weirdness & Mutations

You are very small and have problems with some larger weapons.
You are too small for most types of armour.
You have supernaturally acute eyesight. (SInv)
You are a herbivore.
You cover ground extremely quickly.
You need consume almost no food.


Message History

The ooze misses you. The ooze misses you. The ooze barely misses you.
The ooze misses you. The ooze barely misses you.
The ooze completely misses you. The ooze barely misses you.
The ooze misses you. The ooze misses you. The ooze barely misses you.
The ooze closely misses you. The ooze misses you. The ooze barely misses you.
The ooze closely misses you. The ooze closely misses you.
The ooze hits you but does no damage. The ooze closely misses you.
The ooze misses you. The ooze hits you.
You die...

###...#.......####.###.#
#.....†..##.............
#.#.).#..##.#...........
##.##..........#####.#
#. #..##.####.# #.# #.
#..##.# #.# #># #.
#..##.## #.# #.# ..
#%.?...# #.# #.# ##
#@.##..# #.# #.#
#....J......# #.#
.............# ...
##..####.##..# #. .#
.... # .# .#. .# # ..


You could see an ooze.

Vanquished Creatures
  A bat (D:1)
  A goblin (D:1)
  A hobgoblin (D:1)
  A frilled lizard (D:1)
  A rat (D:1)
5 creatures vanquished.

Notes
Turn   | Place    | Note
-------+----------+-------------------------------------------
     0 | Abyss:1  | Manul the Spriggan Abyssal Knight began the quest for the Orb.
     0 | Abyss:1  | Reached XP level 1. HP: 11/11 MP: 3/3
    51 | Abyss:1  | Noticed a small abomination
   106 | Abyss:1  | Noticed an ancient zyme
   123 | Abyss:1  | Noticed an ancient zyme
   156 | Abyss:1  | Noticed a small abomination
   165 | Abyss:1  | Noticed a reaper
   209 | Abyss:2  | Noticed a small abomination
   241 | Abyss:2  | Noticed a raiju
   255 | Abyss:2  | Noticed a spatial maelstrom
   256 | Abyss:2  | Noticed a spatial vortex
   258 | Abyss:2  | Noticed a spatial vortex
   262 | Abyss:2  | Noticed a worldbinder
   262 | Abyss:2  | Noticed a spatial vortex
   263 | Abyss:2  | Noticed a spatial vortex
   263 | Abyss:2  | Noticed a vault sentinel
   263 | Abyss:2  | Noticed an ironheart preserver
   274 | Abyss:3  | Noticed a guardian serpent
   303 | Abyss:4  | Noticed a long sword of holy wrath
   306 | D:1      | Escaped the Abyss
   463 | D:1      | Slain by an ooze

Vault maps used:
D:1:      saegor_arrival_simple_f, chequers_big_river, minmay_hexomino_p4
Abyss:3:  hangedman_decor_peaks_small, nicolae_abyss_rune_left_handed
Abyss:4:  evilmike_abyss_exit_kraken, evilmike_abyss_rune_tso_outpost,
          due_exit_kobolds

Action                   || total
-------------------------++-------
Melee: Short sword       ||    18
Invok: Depart the Abyss  ||     1
  Use: Scroll            ||     3
Armor: Robe              ||     7
Dodge: Dodged            ||    53
